Map: Moondance

Players

gumiho - Winner!

  • Race: Terran Terran
  • Spawn Location: 6:00

SKillous

  • Race: Protoss Protoss
  • League: Grandmaster
  • Spawn Location: 12:00

Event: HomeStory Cup XXII

VOD

Have the link to the VOD?

Description

Time

  • Played on: Dec. 17, 2022, 4:30 p.m.
  • Length: 7:39

All games in this series

Show
View Real Time Build Order
Export as new Build Order

gumiho Terran - Winner!

Build Orders: Cyclone Opening 

Get SALT Encoding   

  12  0:00  SCV  
  13  0:12  SCV  
  14  0:16  Supply Depot  
  14  0:24  SCV  
  15  0:38  SCV  
  15  0:39  Barracks  
  16  0:43  Refinery  
  16  0:50  SCV  
  16  0:52  Refinery  
  17  1:02  SCV  
  18  1:14  SCV  
  19  1:26  Reaper, Orbital Command  
  19  1:27  Supply Depot  
  20  1:41  Factory  
  20  1:53  SCV  
  21  1:58  Barracks Reactor  
  21  2:05  SCV  
  22  2:17  Command Center  
  22  2:19  SCV  
  23  2:24  Factory Tech Lab  
  23  2:31  SCV  
  24  2:38  Supply Depot  
  24  2:39  Marine x2  
  24  2:43  Cyclone  
  29  2:46  SCV  
  30  2:54  Starport  
  30  2:58  SCV  
  30  3:04  Marine x2  
  33  3:11  SCV  
  34  3:15  Siege Tank  
  37  3:22  Marine x2  
  37  3:25  SCV  
  39  3:32  Medivac  
  41  3:37  SCV  
  41  3:40  Marine x2  
  44  3:49  Siege Tank  
  44  3:55  Orbital Command  
  47  3:57  Marine x2  
  47  3:58  SCV  
  47  4:02  Refinery  
  50  4:03  Starport Tech Lab  
  50  4:12  SCV  
  50  4:15  Marine x2  
  50  4:16  Supply Depot  
  52  4:29  SCV x2  
  54  4:37  Banshee, Marine  
  58  4:39  Siege Tank  
  58  4:43  Supply Depot  
  58  4:44  SCV  
  62  4:52  Supply Depot  
  62  5:04  SCV x2  
  62  5:05  Marine x2  
  66  5:11  Siege Tank  
  69  5:17  SCV x2  
  69  5:22  Raven, Marine  
  71  5:29  SCV x2  
  71  5:31  Marine  
  74  5:37  Command Center  
  74  5:41  SCV x2  
  76  5:45  Marine  
  76  5:48  Marine  
  78  5:54  SCV  
  78  5:57  SCV  
  78  6:03  Marine  
  74  6:06  Marine  
  74  6:08  SCV  
  74  6:09  SCV  
  77  6:11  Siege Tank  
  77  6:12  Supply Depot x2  
  77  6:20  SCV  
  77  6:21  Barracks  
  78  6:30  SCV  
  76  6:34  Barracks  
  76  6:35  Barracks x2  
  76  6:39  SCV  
  77  6:40  Starport Reactor  
  77  6:41  Marine  
  77  6:42  SCV  
  78  6:48  Engineering Bay  
  78  6:50  Marine  
  79  6:55  SCV  
  79  6:56  SCV  
  79  6:58  Marine  
  79  7:03  Bunker  
  79  7:08  SCV x2, Marine  
  84  7:15  Barracks Tech Lab  
  85  7:27  SCV x2  
  89  7:30  Supply Depot  
  89  7:32  Supply Depot  
Show
View Real Time Build Order
Export as new Build Order

SKillous Protoss 

Build Orders: 1 Gate Expand, Blink Stalkers 

Get SALT Encoding   

  12  0:00  Probe  
  13  0:12  Probe  
  14  0:17  Pylon  
  14  0:24  Probe  
  15  0:34  Gateway  
  15  0:36  Probe (Chrono Boost)  
  16  0:46  Probe (Chrono Boost), Assimilator  
  17  0:51  Probe (Chrono Boost)  
  18  1:03  Probe  
  19  1:15  Probe  
  20  1:21  Cybernetics Core  
  20  1:31  Nexus  
  20  1:39  Pylon  
  20  1:42  Probe  
  21  1:47  Assimilator  
  21  1:54  Probe  
  21  1:55  Adept (Chrono Boost)  
  21  2:00  Warp Gate  
  24  2:07  Probe  
  25  2:15  Adept (Chrono Boost)  
  25  2:19  Probe  
  28  2:24  Twilight Council  
  28  2:31  Probe  
  29  2:38  Stalker  
  29  2:43  Probe x2  
  33  2:55  Probe  
  33  2:56  Gateway, Blink (Chrono Boost)  
  33  2:57  Probe  
  35  3:07  Probe  
  35  3:10  Probe  
  37  3:19  Probe  
  38  3:22  Probe  
  39  3:31  Probe  
  39  3:33  Robotics Facility  
  39  3:34  Probe, Pylon  
  41  3:44  Probe  
  41  3:46  Probe  
  41  3:48  Stalker  
  45  3:52  Stalker  
  45  3:56  Probe  
  45  3:58  Probe  
  47  4:04  Nexus  
  47  4:08  Probe  
  48  4:12  Shield Battery, Probe  
  49  4:17  Pylon  
  49  4:22  Immortal (Chrono Boost)  
  49  4:30  Stalker  
  53  4:32  Pylon  
  53  4:34  Shield Battery  
  53  4:39  Gateway  
  53  4:40  Probe  
  53  4:41  Probe  
  55  4:47  Assimilator  
  55  4:50  Stalker  
  55  4:52  Probe  
  58  4:54  Probe  
  58  4:58  Gateway  
  59  5:00  Observer (Chrono Boost)  
  59  5:04  Probe  
  59  5:06  Gateway, Probe  
  62  5:08  Pylon  
  62  5:18  Stalker x2  
  62  5:22  Probe  
  62  5:25  Pylon  
  62  5:26  Immortal (Chrono Boost)  
  62  5:28  Charge (Chrono Boost)  
  59  5:33  Cybernetics Core  
  61  5:36  Pylon  
  61  5:37  Probe  
  62  5:44  Zealot x2  
  60  6:01  Zealot x2  
  51  6:08  Zealot x2  
  51  6:10  Probe x3  
  48  6:22  Gateway, Stalker x2, Probe x2  
  48  6:23  Gateway  
  54  6:31  Zealot  
  56  6:41  Stalker  
  58  6:47  Zealot  
  56  6:54  Zealot  
  56  6:58  Zealot  
  60  7:02  Gateway  
  60  7:03  Gateway  
  60  7:05  Robotics Facility  
  60  7:08  Zealot  
  62  7:14  Pylon x3  
  56  7:27  Zealot x4  
  56  7:29  Stalker  
Tags
 
Add a new tag
Caveats
  • Supply blocks, unpowered buildings, or Contaminate may cause inaccurate times.
  • Supply counts are checked every 10 seconds.